 Dungeon Crawl Stone Soup version 0.26-a0-52-gd53d4cd (webtiles) character file.

Game seed: 12153549196102806193

0 thirtiethelement the Skirmisher (level 1, -1/23 HPs)
             Began as a Gnoll Abyssal Knight on June 5, 2020.
             Was a Follower of Lugonu.
             Slain by a small abomination (2 damage)
             ... on level 1 of the Abyss.
             The game lasted 00:01:18 (137 turns).

thirtiethelement the Skirmisher (GnAK)               Turns: 137, Time: 00:01:19

Health: -1/23      AC:  3    Str: 14    XL:     1   Next: 0%
Magic:  3/3        EV: 12    Int: 14    God:    Lugonu [*.....]
Gold:   0          SH:  0    Dex: 14    Spells: 0/0 levels left

rFire    . . .     SeeInvis .   a - +1 hand axe
rCold    . . .     Gourm    .   (no shield)
rNeg     . . .     Faith    .   b - +0 leather armour
rPois    .         Spirit   .   (no helmet)
rElec    .         Reflect  .   (no cloak)
rCorr    .         Harm     .   (no gloves)
MR       .....                  (no boots)
Stlth    +.........             (no amulet)
HPRegen  0.00/turn              (no ring)
MPRegen  0.08/turn              (no ring)

@: non-regenerating, badly diseased
A: distributed training, fangs 1, strong nose
a: Depart the Abyss, Renounce Religion


You were on level 1 of the Abyss.
You worshipped Lugonu.
Lugonu was aware of your devotion.
You were not hungry.

You visited 0 branches of the dungeon, and saw 0 of its levels.
You visited the Abyss 1 time.

Inventory:

Hand Weapons
 a - a +1 hand axe (weapon)
Armour
 b - a +0 leather armour (worn)
 d - a +0 helmet
Comestibles
 c - a ration


   Skills:
 + Level 6.4 Fighting
 + Level 0.0 Short Blades
 + Level 0.0 Long Blades
 + Level 4.4 Axes
 + Level 0.0 Maces & Flails
 + Level 0.0 Polearms
 + Level 0.0 Staves
 + Level 0.0 Slings
 + Level 0.0 Bows
 + Level 0.0 Crossbows
 + Level 0.0 Throwing
 + Level 4.4 Armour
 + Level 2.3 Dodging
 + Level 0.0 Stealth
 + Level 0.0 Shields
 + Level 0.0 Unarmed Combat
 + Level 0.0 Spellcasting
 + Level 0.0 Conjurations
 + Level 0.0 Hexes
 + Level 0.0 Charms
 + Level 0.0 Summonings
 + Level 0.0 Necromancy
 + Level 0.0 Translocations
 + Level 0.0 Transmutations
 + Level 0.0 Fire Magic
 + Level 0.0 Ice Magic
 + Level 0.0 Air Magic
 + Level 0.0 Earth Magic
 + Level 0.0 Poison Magic
 + Level 4.4 Invocations
 + Level 0.0 Evocations


You couldn't memorise any spells.
You didn't know any spells.
Your spell library was empty.

Dungeon Overview and Level Annotations

Branches:
Dungeon (0/15)

Altars:


Innate Abilities, Weirdness & Mutations

Your experience applies equally to all skills.
You have very sharp teeth.
Your uncanny sense of smell can sniff out nearby items.


Message History

You feel ill.
A small abomination comes into view.
You feel ill. The small abomination hits you!
Ouch! That really hurt!
A tentacle flies out from the starspawn's body!
A starspawn tentacle comes into view.
You feel ill.
You feel ill.
A yak comes into view.
The yak bellows!
The yak changes into a komodo dragon!
The small abomination hits you!
* * * LOW HITPOINT WARNING * * *
The small abomination barely misses you.
A small abomination comes into view.
You feel ill.
Found a scroll labeled GONWEC NADI.
The small abomination hits you.
You die...

#### # .. # .#
###. .#.#
#...##..
##..#..#
#.#.#@#
####.#.x##..##
#....#x.......#
###.
#x####..#.#
?..####..#.. ##
. #.....x#.# ..
##..#.#..##
..##.#....#.#
........#..##


You could see an ancient zyme and 2 small abominations.

Vanquished Creatures (others)
  12 starspawn tentacles (Abyss:1)
12 creatures vanquished.

Notes
Turn   | Place    | Note
-------+----------+-------------------------------------------
     0 | Abyss:1  | thirtiethelement the Gnoll Abyssal Knight began the quest
                  | for the Orb.
     0 | Abyss:1  | Reached XP level 1. HP: 23/23 MP: 3/3
    51 | Abyss:1  | Noticed a tentacled starspawn
    85 | Abyss:1  | Noticed an ancient zyme
    93 | Abyss:1  | Noticed an apocalypse crab
    99 | Abyss:1  | Noticed a small abomination
   103 | Abyss:1  | Noticed a small abomination
   113 | Abyss:1  | Noticed a yak
   114 | Abyss:1  | Noticed a komodo dragon
   114 | Abyss:1  | a yak changed into a komodo dragon
   116 | Abyss:1  | HP: 1/23 [small abomination (10)]
   128 | Abyss:1  | Noticed a small abomination
   137 | Abyss:1  | Slain by a small abomination

Illustrated notes

Levels and vault maps discovered:
Abyss:1:  evilmike_abyss_exit_4, guppyfry_abyss_exit_spiral_guarded

Action                   || total
-------------------------++-------
Dodge: Dodged            ||     1

Table legend:
 A = Non-vault XP
 B = Vault XP
 C = Vault XP percentage of total XP
 D = Non-vault monster count
 E = Vault monster count
 F = Vault count percentage of total count
                 A         B        C        D         E       F
            +---------+---------+-------+---------+---------+-------
      Total |       0 |       0 |   N/A |       0 |       0 |  -nan
            +---------+---------+-------+---------+---------+-------
            +---------+---------+-------+---------+---------+-------
